AoeStats
← 短路

Arabia

508376633Analyzed
1v1 RM · 9d ago on Sep 22, 2026· 38m 7s· 2 players
Game mode
Random Map
Map size
Tiny (2 player)
Population
200
Speed
Normal
Resources
Standard
Victory
Conquest
Starting age
Dark Age
Ending age
Imperial Age
RankedLock teamsTeams togetherTeam positionsShared explorationLock speedFull tech treeHidden civsTurbo modeCheats
Victory
Defeat
🇺🇸 Huns · United States
1804
+22
🇨🇳 Jurchens · China
1953
-22
短路
6:32 Loom
9:20 Feudal Age
9:47 Double-Bit Axe
19:59 Castle Age
18:11 Horse Collar
18:23 Gold Mining
18:49 Fletching
19:26 Bloodlines
21:28 Bodkin Arrow
24:22 Padded Archer Armor
27:15 Ballistics
30:21 Wheelbarrow
31:07 Husbandry
33:27 Scale Barding Armor
stochasteric
6:14 Loom
9:19 Feudal Age
9:56 Double-Bit Axe
14:22 Horse Collar
20:36 Castle Age
18:58 Fletching
20:14 Bloodlines
20:33 Town Watch
21:15 Bodkin Arrow
21:24 Husbandry
21:39 Bow Saw
22:25 Padded Archer Armor
23:15 Husbandry
25:21 Ballistics
26:24 Leather Archer Armor
30:38 Wheelbarrow
32:02 Thumb Ring
33:20 Heavy Plow
33:55 Gold Mining
33:59 Stone Mining
37:50 Imperial Age
36:58 Gold Shaft Mining
37:05 Hand Cart
38:33 Bracer
37:54 Heavy Cavalry Archer
Connection lost

Rejoining the realm…

Still unreachable

The connection could not be restored.

Session expired

The server has moved on; the page needs a fresh start.